 Dungeon Crawl Stone Soup version 0.23.2-40-g277498a (webtiles) character file.

Game seed: 14554363891685513327

490 Aphrodieselac the Charmwright (level 7, 0/50 HPs)
             Began as a Merfolk Skald on Aug 15, 2019.
             Slain by a bullfrog (1 damage)
             ... on level 4 of the Dungeon.
             The game lasted 00:13:03 (3817 turns).

Aphrodieselac the Charmwright (Merfolk Skald)       Turns: 3817, Time: 00:13:04

Health: 0/50       AC:  4    Str: 13    XL:     7   Next: 14%
Magic:  10/10      EV: 11    Int: 13    God:
Gold:   252        SH:  3    Dex: 13    Spells: 5/10 levels left

rFire    + + .     SeeInvis +   B - +10 hand axe "Moyzihig" {flame, rF+ SInv Stlth-}
rCold    . . .     Gourm    .   l - +0 buckler
rNeg     . . .     Faith    .   b - +0 leather armour
rPois    .         Spirit   .   s - +0 helmet
rElec    .         Reflect  .   (no cloak)
rCorr    .         Harm     .   (no gloves)
MR       .....                  (no boots)
Stlth    ..........             (no amulet)
HPRegen  0.16/turn              h - ring of protection from fire
MPRegen  0.12/turn              (no ring)

@: no status effects
A: change form in water, swift swim, stealthy swim
a: no special abilities


You were on level 4 of the Dungeon.
You were not hungry.

You visited 1 branch of the dungeon, and saw 4 of its levels.

You collected 252 gold pieces.

Inventory:

Hand Weapons
 a - a +0 spear
 w - a +0 blowgun
 B - the +10 hand axe "Moyzihig" (weapon) {flame, rF+ SInv Stlth-}
   (You found it on level 4 of the Dungeon)

   It has been specially enchanted to burn those struck by it, causing extra
   injury to most foes and up to half again as much damage against particularly
   susceptible opponents.
   Big, fiery blades are also staple armaments of hydra-hunters.
   It protects you from fire.
   It lets you see invisible.
   It makes you less stealthy.
Missiles
 m - 2 throwing nets
 u - 7 tomahawks (quivered)
 x - 23 poisoned needles
Armour
 b - a +0 leather armour (worn)
 l - a +0 buckler (worn)
 s - a +0 helmet (worn)
Jewellery
 h - a ring of protection from fire (left hand)
Scrolls
 c - 2 scrolls of fear {unknown}
 e - 2 scrolls of enchant weapon {unknown}
 g - 5 scrolls of identify {unknown}
 i - 2 scrolls of noise {unknown}
 j - 3 scrolls of teleportation {unknown}
 n - a scroll of fog {unknown}
 o - 2 scrolls of remove curse {unknown}
 r - a scroll of amnesia {unknown}
 y - a scroll of immolation {unknown}
Potions
 f - a potion of berserk rage {unknown}
 k - 8 potions of curing {unknown}
 p - a potion of mutation {unknown}
 q - a potion of might {unknown}
 t - a potion of degeneration {unknown}
 z - a potion of brilliance {unknown}
 A - a potion of magic {unknown}
Comestibles
 d - 6 rations
 v - 2 chunks of flesh


   Skills:
 - Level 2.1 Fighting
 + Level 6.6 Polearms
 - Level 0.6 Armour
 - Level 2.6 Dodging
 - Level 2.0 Spellcasting
 * Level 7.3 Charms


You had 5 spell levels left.
You knew the following spells:

 Your Spells              Type           Power        Failure   Level  Hunger
a - Infusion              Chrm           ###.         2%          1    ##.....
b - Song of Slaying       Chrm           ###.....     4%          2    ###....
c - Shroud of Golubria    Chrm/Tloc      ##........   19%         2    ###....

Your spell library contained the following spells:

 Spells                   Type           Power        Failure   Level  Hunger
 Regeneration             Chrm/Necr      ##........   34%         3    ####...
 Spectral Weapon          Hex/Chrm       ##......     34%         3    ####...


Dungeon Overview and Level Annotations

Branches:
Dungeon (4/15)
 Temple: D:4-7

Altars:
The Shining One


Message History

The bullfrog hits you. x2; The adder bites you.
The adder misses you. The bullfrog hits you!
The adder bites you but does no damage. The bullfrog hits you.
* * * LOW HITPOINT WARNING * * *
You slash the bullfrog! You burn the bullfrog.
The bullfrog is severely wounded.
The bullfrog closely misses you. The bullfrog hits you!
* * * LOW HITPOINT WARNING * * *
You barely miss the bullfrog.
The bullfrog is severely wounded.
The bullfrog hits you.
* * * LOW HITPOINT WARNING * * *
The bullfrog hits you.
* * * LOW HITPOINT WARNING * * *
The bullfrog barely misses you.
You barely miss the bullfrog.
The bullfrog is severely wounded.
The bullfrog hits you.
You die...

...####.#..)....#
#........##
#.####.........#
#..............###
######............
##.......####
##.....###.###
#### ##....##S#..#
⌠⌠⌠⌠⌠
####@#.###S#⌠⌠..⌠⌠
#.F## #W'.s#
#.#.###.'..#
#....#..#⌠⌠..⌠⌠
#####.###⌠⌠⌠⌠⌠⌠
### ###### #.# #.#
.# #.#


You could see a bullfrog.

Vanquished Creatures
  2 ogres (D:4)
  A scorpion (D:4)
  Jessica (D:2)
  2 orc wizards (D:3)
  A worker ant (D:4)
  8 adders
  2 oozes
  2 worms (D:2)
  A dart slug (D:3)
  3 leopard geckos (D:2)
  7 orcs (D:3)
  8 bats
  13 giant cockroaches
  2 goblins (D:2)
  3 hobgoblins
  2 jackals (D:3)
  2 quokkas
  7 frilled lizards
  6 kobolds
  8 rats
81 creatures vanquished.

Notes
Turn   | Place    | Note
-------+----------+-------------------------------------------
     0 | D:1      | Aphrodieselac the Merfolk Skald began the quest for the
                  | Orb.
     0 | D:1      | Reached XP level 1. HP: 16/16 MP: 3/3
   233 | D:1      | Reached XP level 2. HP: 18/22 MP: 5/5
   768 | D:2      | Reached skill level 4 in Charms
   785 | D:2      | Reached XP level 3. HP: 19/27 MP: 1/6
  1363 | D:2      | Noticed Jessica
  1372 | D:2      | Killed Jessica
  1372 | D:2      | Reached XP level 4. HP: 28/33 MP: 2/7
  1534 | D:2      | Reached skill level 5 in Charms
  1604 | D:2      | Found a glowing golden altar of the Shining One.
  1943 | D:2      | Learned a level 2 spell: Song of Slaying
  1946 | D:2      | Learned a level 2 spell: Shroud of Golubria
  2335 | D:3      | Reached XP level 5. HP: 19/38 MP: 1/8
  2551 | D:3      | Reached skill level 5 in Polearms
  2932 | D:3      | Reached skill level 6 in Charms
  3432 | D:4      | Reached XP level 6. HP: 41/44 MP: 5/9
  3744 | D:4      | Reached skill level 7 in Charms
  3783 | D:4      | Reached XP level 7. HP: 31/50 MP: 5/10
  3790 | D:4      | Got a faintly glowing hand axe
  3791 | D:4      | Identified the +10 hand axe "Moyzihig" {flame, rF+ SInv
                  | Stlth-} (You found it on level 4 of the Dungeon)
  3813 | D:4      | HP: 1/50 [bullfrog (3)]
  3817 | D:4      | Slain by a bullfrog

Skill      XL: |  1  2  3  4  5  6 |
---------------+-------------------+-----
Charms         | 4 5 6 7 |  7.3
Polearms       | 4 5 6 |  6.6
Fighting       | |  2.1
Armour         | |  0.6
Dodging        | |  2.6
Spellcasting   | |  2.0

Action                   |  1- 3 |  4- 6 |  7- 9 || total
-------------------------+-------+-------+-------++-------
Melee: Spear             |   101 |   251 |       ||   352
       Hand axe          |       |       |     4 ||     4
 Cast: Infusion          |     4 |    12 |       ||    16
       Song of Slaying   |       |     1 |       ||     1
       Shroud of Golubri |       |     1 |       ||     1
  Eat: Chunk             |     2 |     8 |       ||    10
Armor: Leather armour    |    18 |    37 |     1 ||    56
Dodge: Dodged            |    36 |    98 |     4 ||   138
Block: Buckler           |     4 |    22 |       ||    26
